 Dungeon Crawl Stone Soup version 0.27.1-33-g824d729ab1 (webtiles) character file.

Game seed: 1166946169476298408

4796 VolelikeOfTheReadme the Covert (level 10, -10/66 HPs)
             Began as an Octopode Brigand on Dec 22, 2021.
             Was an Initiate of Gozag.
             Mangled by a large slime creature (36 damage)
             ... on level 9 of the Dungeon.
             The game lasted 01:22:40 (10720 turns).

VolelikeOfTheReadme the Covert (Octopode Brigand)  Turns: 10720, Time: 01:22:41

Health: -10/66     AC:  6    Str: 16    XL:     10   Next: 48%
Magic:  10/10      EV: 15    Int: 14    God:    Gozag
Gold:   884        SH:  0    Dex: 17    Spells: 9/9 levels left

rFire    . . .     SeeInvis .   B - +3 great sword (freeze)
rCold    . . .     Faith    .   (shield currently unavailable)
rNeg     + . .     Spirit   .   m - +1 hat
rPois    .         Reflect  .   K - amulet of regeneration
rElec    .         Harm     .   h - +4 ring of protection
rCorr    .         Rampage  .   I - +6 ring of strength
Will     .....                  i - ring of positive energy
Stlth    +++++.....             (no ring)
HPRegen  1.21/turn              (no ring)
MPRegen  0.12/turn              (no ring)
                                (no ring)
                                (no ring)

@: hasted, very quick
A: almost no armour, amphibious, 8 rings, camouflage 1, gelatinous body 1,
(nimble swimmer 1), tentacles
a: Renounce Religion, Potion Petition, Call Merchant, Bribe Branch


You were on level 9 of the Dungeon.
You worshipped Gozag.
Gozag was pleased with you.
You visited 2 branches of the dungeon, and saw 10 of its levels.
You also visited: Sewer.

You collected 1023 gold pieces.
You paid 139 gold pieces to Gozag.

Inventory:

Hand Weapons
 a - a +2 dagger
 g - a +2 whip of distortion
 u - a +2 short sword of venom
 B - a +3 great sword of freezing (weapon)
 O - the +9 trident of Okawaru's Inspiration {drain, Dex+3}
   (You found it on level 7 of the Dungeon)

   A truly terrible weapon, it drains the life of any living foe it strikes.
   Dex:       It affects your dexterity (+3).
Missiles
 b - 18 poisoned darts (quivered)
 c - 2 curare-tipped darts
 d - 227 stones
 D - 37 sling bullets
 Q - 3 atropa-tipped darts
Armour
 m - a +1 hat (worn)
Jewellery
 h - a +4 ring of protection (left tentacle)
 i - a ring of positive energy (on tentacle)
 I - a +6 ring of strength (right tentacle)
 K - an amulet of regeneration (around mantle)
 L - an amulet of guardian spirit
Wands
 x - a wand of paralysis (5)
 y - a wand of mindburst (10)
 M - a wand of flame (2)
Scrolls
 j - 2 scrolls of noise {unknown}
 k - 2 scrolls of enchant weapon {unknown}
 l - 3 scrolls of immolation {unknown}
 n - 3 scrolls of enchant armour {unknown}
 q - 7 scrolls of teleportation
 r - a scroll of vulnerability {unknown}
 s - 2 scrolls of fog {unknown}
 w - 2 scrolls of fear {unknown}
 A - a scroll of holy word {unknown}
 F - 2 scrolls of summoning
 N - a scroll of blinking {unknown}
Potions
 e - 3 potions of attraction {unknown}
 f - a potion of lignification {unknown}
 o - 4 potions of haste
 p - a potion of curing {unknown}
 t - 4 potions of cancellation
 v - 2 potions of magic
 z - 2 potions of invisibility
 C - a potion of degeneration {unknown}
 E - 2 potions of brilliance {unknown}
 H - a potion of mutation {unknown}
 J - a potion of might {unknown}
 P - a potion of resistance {unknown}


   Skills:
 * Level 5.3 Fighting
 * Level 7.2(7.7) Short Blades
 * Level 3.8(6.0) Long Blades
 * Level 9.1 Throwing
 * Level 5.2 Dodging
 * Level 9.2 Stealth
 + Level 2.0 Evocations


You had 9 spell levels left.
You didn't know any spells.
Your spell library contained the following spells:

 Spells                   Type           Power      Damage    Failure   Level
 Ensorcelled Hibernation  Hex/Ice        0%         N/A       41%         2
 Passwall                 Tmut/Erth      0%         N/A       41%         2
 Slow                     Hex            0%         N/A       41%         2
 Confusing Touch          Hex            0%         N/A       65%         3
 Spider Form              Tmut/Pois      0%         N/A       65%         3
 Swiftness                Air            0%         N/A       65%         3
 Vampiric Draining        Necr           0%         2d6       65%         3
 Dispersal                Tloc           0%         N/A       100%        6
 Invisibility             Hex            0%         N/A       100%        6
 Shadow Creatures         Summ           N/A        N/A       100%        6
 Disjunction              Tloc           0%         N/A       100%        8


Dungeon Overview and Level Annotations

Branches:
Dungeon (9/15)             Temple (1/1) D:6            Lair (0/6) D:9
  Sewer (visited)
    Orc: D:9-12

Altars:
Ashenzari
Cheibriados
Dithmenos
Gozag
Makhleb
Nemelex Xobeh
Qazlal
Ru
Sif Muna
Uskayaw
Vehumet
Xom
Yredelemnul
The Shining One


Innate Abilities, Weirdness & Mutations

You cannot wear most types of armour.
You are amphibious.
You can wear up to eight rings at the same time.
Your skin changes colour to match your surroundings (Stealth+).
Your rubbery body absorbs attacks. (AC +1, EV +1)
((You are camouflaged near water. (Stealth+)))
You have tentacles for arms and can constrict up to eight enemies at once.


Message History

The slime creature misses you.
You hit the slime creature. You freeze the slime creature.
You squeeze the slime creature, but do no damage.
The slime creature is moderately wounded.
The slime creature hits you!
You barely miss the slime creature. You squeeze the slime creature!
The slime creature is heavily wounded.
The slime creature hits you! The slime creature misses you.
You riposte.
You barely miss the slime creature.
The slime creature is heavily wounded.
You hit the slime creature. You freeze the slime creature.
The slime creature is heavily wounded.
The slime creature misses you.
The slime creature looks more healthy.
You hit the slime creature. You freeze the slime creature.
The slime creature is lightly wounded.
The slime creature hits you!
The slime creature completely misses you.
You riposte.
You barely miss the slime creature. You squeeze the slime creature.
The slime creature is severely wounded.
The slime creature closely misses you. The slime creature misses you.
Throw: 20 darts (poison)
Press: ? - help, Q - select action, (/) - cycle Shift-Dir - straight line, f/p - slime creature
Aim: a slime creature (heavily wounded, 85% to hit)
You throw a poisoned dart.
The poisoned dart hits the slime creature!
The slime creature is heavily wounded.
Throw: 19 darts (poison)
Press: ? - help, Q - select action, (/) - cycle Shift-Dir - straight line, f/p - slime creature
Aim: a slime creature (heavily wounded, 85% to hit)
You throw a poisoned dart.
The poisoned dart barely misses the slime creature.
The slime creature hits you! x2
* * * LOW HITPOINT WARNING * * *
Two slime creatures merge to form a large slime creature.
You feel yourself speed up. The large slime creature hits you!!!
Ouch! That really hurt!
You die...
Your body crumbles into a pile of gold.

#........)##..##.....
####.##......###.....
#.####...###.>....
#.# #........###..
#.# #.)......[....
#.# #.........##..
#.#..........#....
#.#.#..........#..
#@#.#..........#..
#J# #..........#..
##.# #..........
##..# ####....###
#..##.# ...##
#.##..### #........
#.(#.#### #(## #


You could see a large slime creature.

Vanquished Creatures
  A slime creature (D:9)
  5 yaks (D:8)
  2 steam dragons
  A water moccasin (D:9)
  2 orc warriors
  2 sky beasts (D:7)
  An ice beast (D:6)
  2 black bears
  The ghost of sergan4703 the Covered, an amateur MiFi (D:3)
  A necrophage (D:7)
  4 ogres
  2 centaurs
  2 phantoms
  2 kobold brigands (D:8)
  A bullfrog (D:3)
  A wyvern zombie (D:8)
  2 water moccasin skeletons
  4 killer bees (D:9)
  12 wights
  A centaur zombie (D:9)
  2 jellies
  5 hounds
  An orc priest (D:6)
  A bullfrog skeleton (D:5)
  9 orc wizards
  A hound skeleton (D:4)
  2 howler monkey zombies
  Robin (D:2)
  10 gnolls
  10 adders
  9 river rats
  A shadow imp (D:8)
  A white imp (D:8)
  An ufetubus (D:4)
  7 worms
  An adder skeleton (D:4)
  4 dart slugs (D:1)
  The ghost of ghwc the Sneak, a weakling SpDe (D:5)
  12 orcs
  11 ball pythons
  5 endoplasms
  4 giant cockroaches
  9 hobgoblins
  6 quokkas
  4 bats
  4 frilled lizards
  16 goblins
  32 kobolds
  25 rats
244 creatures vanquished.

Vanquished Creatures (collateral kills)
  A necrophage (D:5)
1 creature vanquished.

Grand Total: 245 creatures vanquished

Notes
Turn   | Place    | Note
-------+----------+-------------------------------------------
     0 | D:1      | VolelikeOfTheReadme the Octopode Brigand began the quest
                  | for the Orb.
     0 | D:1      | Reached XP level 1. HP: 14/14 MP: 1/1
   247 | D:1      | Reached XP level 2. HP: 14/19 MP: 2/2
   511 | D:1      | Reached XP level 3. HP: 20/24 MP: 3/3
  1374 | D:2      | Noticed Robin
  1429 | D:2      | Killed Robin
  1430 | D:2      | Reached XP level 4. HP: 24/29 MP: 4/4
  2116 | D:3      | Noticed a bullfrog
  2123 | D:3      | Killed a bullfrog
  2124 | D:3      | Reached XP level 5. HP: 33/35 MP: 5/5
  2274 | D:3      | Found a runed translucent gate.
  2445 | D:3      | Found a glowing drain.
  2453 | Sewer    | Entered a sewer
  2816 | Sewer    | Reached XP level 6. HP: 41/41 MP: 6/6
  3954 | D:3      | Found a faded altar of an unknown god.
  4365 | D:3      | Noticed sergan4703's ghost (amateur MiFi)
  4379 | D:3      | Found a runed translucent gate.
  4379 | D:3      | Found a runed translucent gate.
  4670 | D:3      | Reached skill level 5 in Throwing
  4681 | D:3      | Killed sergan4703's ghost
  4682 | D:3      | Reached XP level 7. HP: 30/45 MP: 7/7
  6118 | D:5      | Entered Level 5 of the Dungeon
  6312 | D:5      | Found a runed translucent door.
  6352 | D:5      | Reached XP level 8. HP: 14/52 MP: 8/8
  6601 | D:5      | Noticed ghwc's ghost (weakling SpDe)
  6618 | D:5      | Killed ghwc's ghost
  6622 | D:5      | Found a runed translucent door.
  6843 | D:5      | Reached skill level 5 in Short Blades
  7573 | D:6      | Found a staircase to the Ecumenical Temple.
  7596 | D:6      | Reached XP level 9. HP: 58/58 MP: 9/9
  8097 | Temple   | Entered the Ecumenical Temple
  8476 | Temple   | Became a worshipper of Gozag Ym Sagoz the Greedy
  8723 | D:7      | Identified the +9 trident of Okawaru's Inspiration {drain,
                  | Dex+3}
  9110 | D:7      | Reached skill level 1 in Evocations
  9131 | D:7      | Found a shadowy altar of Dithmenos.
  9726 | D:8      | Reached skill level 1 in Long Blades
  9828 | D:8      | Reached skill level 5 in Fighting
  9891 | D:8      | Reached XP level 10. HP: 63/66 MP: 10/10
 10472 | D:9      | Reached skill level 5 in Dodging
 10530 | D:9      | Found a staircase to the Lair.
 10720 | D:9      | Mangled by a large slime creature

Illustrated notes

Levels and vault maps discovered:
D:1:      dpeg_arrival_pond, layout_basic
D:2:      layout_rooms, eino_tiny_chamber, fountainhead, minmay_misc_feat_five,
          serial_park_tiny_pond, minmay_puff, uniq_robin
D:3:      layout_loops_corners, gammafunk_ghost_split,
          lightli_sewer_entry_pipes, hellmonk_ecumenical_altar_run_dry,
          kennysheep_another_room, minmay_misc_feat_alley
D:4:      layout_basic, hangedman_decor_slide_cut
D:5:      layout_basic, ebering_ghost_sewer_f
D:6:      layout_loops_ring, minmay_temple_entry_slanted
D:7:      layout_rooms, mainiacjoe_overflow_six_doors_small
D:8:      layout_basic
D:9:      layout_rooms, lair_entry_dummy, serial_bayou_pond_e
Temple:   oiseaux_autumnal_temple

Skill      XL: |  1  2  3  4  5  6  7  8  9 10 |
---------------+-------------------------------+-----
Stealth        | 6 7 8 9 |  9.2
Throwing       | 3 4 5 6 7 8 9 |  9.1
Dodging        | 2 3 4 5 |  5.2
Short Blades   | 3 4 5 7 |  7.2
Fighting       | 3 4 5 |  5.3
Evocations     | 1 2 |  2.0
Long Blades    | 2 3 |  3.8

Action                   |  1- 3 |  4- 6 |  7- 9 | 10-12 || total
-------------------------+-------+-------+-------+-------++-------
Melee: Dagger            |    47 |    77 |       |       ||   124
       Constrict         |    14 |    39 |    49 |     7 ||   109
       Tentacles         |     7 |    34 |    65 |    11 ||   117
       Short sword       |       |    57 |   220 |       ||   277
       Great sword       |       |       |    22 |    52 ||    74
Throw: Dart              |    61 |    97 |   169 |    34 ||   361
       Stone             |     4 |    19 |       |       ||    23
Evoke: Wand              |       |       |    17 |    12 ||    29
  Use: Potion            |     1 |     2 |       |     2 ||     5
       Scroll            |       |     3 |     2 |     1 ||     6
 Stab: Sleeping          |     1 |     2 |       |       ||     3
       Invisible         |       |     3 |     1 |       ||     4
       Distracted        |       |       |     2 |       ||     2
Armor: Skin              |    15 |    40 |    42 |    16 ||   113
Dodge: Dodged            |    44 |    79 |   141 |    52 ||   316
       Rpst.: Great sword |       |       |     4 |    13 ||    17
